 Dungeon Crawl Stone Soup version 0.17.0-24-gcfadda4 (console) character file.

612 Kloppie the Ruffian (level 7, 0/55 HPs)
             Began as a Ghoul Skald on Nov 17, 2015.
             Shot with an arrow by a centaur (3 damage)
             ... on level 5 of the Dungeon.
             The game lasted 00:11:56 (4663 turns).

Kloppie the Ruffian (Ghoul Skald)                   Turns: 4663, Time: 00:11:56

Health: 0/55       AC:  5    Str: 20    XL:     7   Next: 44%
Magic:  8/8        EV:  2    Int:  7    God:
Gold:   285        SH:  0    Dex: -8 (10) Spells: 3 memorised, 3 levels left

rFire  . . .     SeeInvis +       - Unarmed
rCold  + . .     Clarity  .     z - +0 ring mail
rNeg   + + +     SustAt   .     (no shield)
rPois  ∞         Gourm    .     (no helmet)
rElec  .         Spirit   .     (no cloak)
rCorr  .         Warding  .     (no gloves)
rMut   .         Stasis   .     (no boots)
MR     +....                    (no amulet)
Stlth  ..........               G - ring of protection from magic
                                D - ring "Unnefaib" {Str+4 Slay+2 SInv}

@: rotting, slowed, lost dexterity, very slow, somewhat resistant to hostile
enchantments, extremely unstealthy
A: rotting body, claws 1, carnivore 3, cold resistance 1, negative energy
resistance 3, slow regeneration 1, torment resistance, unbreathing
a: no special abilities


You were on level 5 of the Dungeon.
You were not hungry.

You visited 1 branch of the dungeon, and saw 5 of its levels.
You also visited: Sewer.

You collected 285 gold pieces.

Inventory:

Missiles
 p - 5 tomahawks (quivered)
Armour
 a - a +0 leather armour
 i - a +0 chain mail
 l - a +0 buckler
 z - a +0 ring mail (worn)
 F - a +0 shield
Jewellery
 y - an uncursed ring of protection from cold
 D - the ring "Unnefaib" (left claw) {Str+4 Slay+2 SInv}
   (You found it on level 4 of the Dungeon)

   [ring of strength]

   It affects your strength (+4).
   It affects your accuracy and damage with ranged weapons and melee attacks
   (+2).
   It lets you see invisible.
 E - a +3 ring of intelligence
 G - a ring of protection from magic (right claw)
Scrolls
 d - 2 scrolls of enchant weapon
 h - a scroll of remove curse
 t - a scroll of random uselessness
 v - 2 scrolls of recharging
Potions
 e - 3 potions of flight
 j - a potion of degeneration
 m - 3 potions of brilliance
 n - a potion of lignification
 u - a potion of mutation
 w - a potion of agility {unknown}
 x - a potion of berserk rage {unknown}
 H - 3 potions of poison {unknown}
 I - a potion of curing
Books
 b - a book of Battle

   Spells                             Type                      Level
   a - Infusion                       Charms                       1
   b - Shroud of Golubria             Charms/Translocation         2
   c - Song of Slaying                Charms                       2
   d - Spectral Weapon                Hexes/Charms                 3
   e - Regeneration                   Charms/Necromancy            3
 A - Sif Muna's Tome of Displacement
   (You found it on level 3 of the Dungeon)

   Spells                             Type                      Level
   a - Apportation                    Translocation                1
 B - Kikubaaqudgha's Tome of Dark Rites
   (You found it on level 3 of the Dungeon)

   Spells                             Type                      Level
   a - Animate Skeleton               Necromancy                   1
 C - Vehumet's Guide on Combat Magic
   (You found it on level 3 of the Dungeon)

   Spells                             Type                      Level
   a - Magic Dart                     Conjuration                  1
Comestibles
 c - 3 meat rations
 f - 2 beef jerkies
 o - a slice of pizza


   Skills:
 - Level 2.1 Fighting
 + Level 2.1 Armour
 - Level 0.8 Dodging
 - Level 7.0 Unarmed Combat
 - Level 1.7 Spellcasting
 + Level 4.7 Charms


You had 3 spell levels left.
You knew the following spells:

 Your Spells              Type           Power        Failure   Level  Hunger
a - Infusion              Chrm           #.....       12%         1    ##.....
b - Shroud of Golubria    Chrm/Tloc      #.........   41%         2    ###....
c - Regeneration          Chrm/Necr      #.........   82%         3    ####...


Dungeon Overview and Level Annotations

Branches:
Dungeon (5/15)             Temple (0/1) D:5

Altars:
Dithmenos
Kikubaaqudgha
Nemelex Xobeh
Sif Muna
Vehumet
Zin


Innate Abilities, Weirdness & Mutations

Your body is rotting away.
You thrive on raw meat.
You are immune to poison.
You have sharp fingernails.
You are carnivorous and can eat meat at any time.
Your flesh is cold resistant.
You are immune to negative energy.
You regenerate slowly when monsters are visible.
You are immune to unholy pain and torment.
You can survive without breathing.


Message History

You completely miss the sky beast.
The sky beast is moderately wounded.
The centaur drinks a potion.
The centaur suddenly seems more resistant.
The sky beast hits you but does no damage.
The centaur shoots an arrow.
The arrow hits you.
* * * LOW HITPOINT WARNING * * *
Your ring mail prevents you from hitting the sky beast.
The sky beast is moderately wounded.
The sky beast hits you but does no damage.
Drink which item? (? for menu, Esc to quit)
You feel better.
The centaur shoots an arrow.
The arrow hits you.
* * * LOW HITPOINT WARNING * * *
The sky beast hits you.
* * * LOW HITPOINT WARNING * * *
The sky beast shocks you.
* * * LOW HITPOINT WARNING * * *
The sky beast hits you but does no damage.
The centaur shoots an arrow.
The arrow hits you.
You die...

...#,,,*
*.#######,**,,****,**,*,
...#****
*,......,,,*..[...,,,,*,
...#
**#....#**,*......,,,,,,
...# #.c..# *,#......,,,,,,
...# #....# *,.$Y....,,,,,,
#### #....# **.......,,,,,,
#....# *.......,,,,,*
#######...)####...#*******,*
#.....'....@Y.....#*******,*
##
#.#####....#####>.....,,,,,*
.## #.# #....# **#####******
..####.# ###### ..##...#
...#.### .....# ...### ≈..#


You could see a sky beast (invisible) and a centaur.

Vanquished Creatures
  An ice beast (D:3)
  A phantom (D:4)
  A big kobold (Sewer)
  A quasit (D:5)
  A centaur zombie (D:5)
  3 worker ants (D:4)
  Jessica (D:3)
  A centaur skeleton (D:4)
  An iguana (D:4)
  A gnoll (D:1)
  5 adders
  2 river rats (Sewer)
  2 oozes
  5 orcs (D:4)
  A ball python (D:2)
  9 goblins
  6 hobgoblins
  2 jackals (Sewer)
  9 bats
  4 giant cockroaches
  A giant cockroach zombie (D:5)
  7 giant geckos
  6 giant newts
  9 kobolds
  A quokka (D:3)
  11 rats
92 creatures vanquished.

Notes
Turn   | Place    | Note
--------------------------------------------------------------
     0 | D:1      | Kloppie the Ghoul Skald began the quest for the Orb.
     0 | D:1      | Reached XP level 1. HP: 17/17 MP: 2/2
   122 | D:1      | Reached XP level 2. HP: 8/22 MP: 3/3
   123 | D:1      | Reached skill level 3 in Unarmed Combat
   344 | D:1      | HP: 1/24 [hobgoblin/club (3)]
   803 | D:1      | Reached XP level 3. HP: 28/28 MP: 4/4
   894 | D:1      | Reached skill level 4 in Unarmed Combat
  1187 | D:2      | Reached XP level 4. HP: 36/36 MP: 5/5
  1545 | D:2      | Reached skill level 5 in Unarmed Combat
  1686 | D:3      | Found a shadowy altar of Dithmenos.
  1964 | D:3      | Noticed an ice beast
  2063 | D:3      | Killed an ice beast
  2063 | D:3      | Reached skill level 6 in Unarmed Combat
  2063 | D:3      | Reached XP level 5. HP: 25/39 MP: 6/6
  2270 | D:3      | Noticed Jessica
  2278 | D:3      | Killed Jessica
  2366 | D:3      | Found a sparkling altar of Nemelex Xobeh.
  2411 | D:3      | Found an ancient bone altar of Kikubaaqudgha.
  2413 | D:3      | Found a radiant altar of Vehumet.
  2413 | D:3      | Found a deep blue altar of Sif Muna.
  2419 | D:3      | Identified Sif Muna's Tome of Displacement
  2426 | D:3      | Identified Kikubaaqudgha's Tome of Dark Rites
  2433 | D:3      | Identified Vehumet's Guide on Combat Magic
  2564 | D:4      | Found a glowing silver altar of Zin.
  2610 | D:4      | Reached XP level 6. HP: 38/48 MP: 7/7
  2619 | D:4      | Got a heavily runed brass ring
  2825 | D:4      | Reached skill level 7 in Unarmed Combat
  3112 | D:4      | Noticed a phantom
  3153 | D:4      | Killed a phantom
  3153 | D:4      | Reached XP level 7. HP: 4/55 MP: 8/8
  3674 | D:4      | Reached skill level 1 in Armour
  3785 | D:5      | Entered Level 5 of the Dungeon
  3988 | D:5      | Found a glowing drain.
  3993 | Sewer    | Entered a sewer
  4115 | Sewer    | Found a white marble altar of Elyvilon.
  4164 | D:5      | Learned a level 2 spell: Shroud of Golubria
  4168 | D:5      | Learned a level 3 spell: Regeneration
  4204 | D:5      | Lost dexterity.
  4411 | D:5      | Identified the ring "Unnefaib" {Str+4 Slay+2 SInv} (You found it on level 4 of the Dungeon)
  4663 | D:5      | Shot with an arrow by a centaur

Action                   |  1- 3 |  4- 6 |  7- 9 || total
-------------------------+-------+-------+-------++-------
Melee: Unarmed           |   134 |   150 |    78 ||   362
  Use: Scroll            |       |       |    12 ||    12
       Potion            |       |       |     5 ||     5
  Eat: Chunk             |     8 |    11 |     3 ||    22
